 Dungeon Crawl Stone Soup version 0.21.1-1-g345015f (webtiles) character file.

2237 inc the Thaumaturge (level 9, -2/65 HPs)
             Began as a Gnoll Wizard on June 9, 2018.
             Was a Follower of Ashenzari.
             Shot with a sling bullet by Joseph (16 damage)
             ... on level 7 of the Dungeon.
             The game lasted 00:17:17 (7394 turns).

inc the Thaumaturge (Gnoll Wizard)                  Turns: 7394, Time: 00:17:17

Health: -2/65      AC:  8    Str: 14    XL:     9   Next: 36%
Magic:  0/21       EV: 15    Int: 22    God:    Ashenzari [*.....]
Gold:   339        SH:  0    Dex: 14    Spells: 15/24 levels left

rFire    + . .     SeeInvis .   u - +1 hand axe (chop) (curse)
rCold    + . .     Gourm    .   (no shield)
rNeg     . . .     Faith    .   r - +2 robe {rC+ rF+} (curse)
rPois    .         Spirit   .   o - +0 helmet (curse)
rElec    .         Reflect  .   (no cloak)
rCorr    .         Harm     .   (no gloves)
MR       +....                  l - +2 pair of boots (curse)
Stlth    +++.......             (no amulet)
HPRegen  0.20/turn              A - +3 ring of strength
MPRegen  0.17/turn              F - ring of protection from magic

@: very slightly contaminated
A: distributed training, fangs 1, strong nose
a: Curse Item, Scrying, Renounce Religion


You were on level 7 of the Dungeon.
You worshipped Ashenzari.
Ashenzari was aware of your devotion.
You were not hungry.

You visited 2 branches of the dungeon, and saw 9 of its levels.

You collected 339 gold pieces.

Inventory:

Hand Weapons
 k - a +0 short sword
 u - a cursed +1 hand axe of chopping (weapon)
Missiles
 h - 8 steel tomahawks (quivered)
Armour
 a - a +0 robe
 b - a +0 hat
 l - a cursed +2 pair of boots (worn)
 o - a cursed +0 helmet (worn)
 p - a +0 leather armour
 r - a cursed +2 robe of resistance (worn)
 E - a cursed +0 scale mail
Jewellery
 A - a +3 ring of strength (left hand)
 F - a ring of protection from magic (right hand)
Wands
 z - a wand of iceblast (8)
Scrolls
 e - a scroll of amnesia {unknown}
 f - 4 scrolls of magic mapping
 g - a scroll of noise {unknown}
 i - 2 scrolls of teleportation {unknown}
 j - a scroll of fog {unknown}
 m - 3 scrolls of identify
 s - 3 scrolls of blinking {unknown}
 v - 2 scrolls of enchant weapon {unknown}
 y - a scroll of immolation {unknown}
 D - 3 scrolls of enchant armour {unknown}
Potions
 n - a potion of mutation
 q - 2 potions of agility
 t - 2 potions of heal wounds
 w - 3 potions of curing
 x - a potion of might
 B - a potion of invisibility
 C - a potion of magic
 G - a potion of ambrosia {unknown}
 H - a potion of degeneration {unknown}
Books
 c - a book of Minor Magic

   Spells                             Type                      Level
   a - Magic Dart                     Conjuration                  1
   b - Blink                          Translocation                2
   c - Call Imp                       Summoning                    2
   d - Slow                           Hexes                        2
   e - Conjure Flame                  Conjuration/Fire             3
   f - Mephitic Cloud                 Conjuration/Poison/Air       3
Comestibles
 d - 11 rations
 I - 3 chunks of flesh


   Skills:
 + Level 4.1 Fighting
 + Level 4.1 Short Blades
 + Level 4.1 Long Blades
 + Level 4.1 Axes
 + Level 4.1 Maces & Flails
 + Level 4.1 Polearms
 + Level 4.1 Staves
 + Level 4.1 Slings
 + Level 4.1 Bows
 + Level 4.1 Crossbows
 + Level 4.1 Throwing
 + Level 4.1 Armour
 + Level 6.2 Dodging
 + Level 5.9 Stealth
 + Level 4.1 Shields
 + Level 4.1 Unarmed Combat
 + Level 8.3 Spellcasting
 + Level 4.0 Conjurations
 + Level 3.3 Hexes
 + Level 3.3 Charms
 + Level 4.0 Summonings
 + Level 3.3 Necromancy
 + Level 4.0 Translocations
 + Level 3.3 Transmutations
 + Level 3.3 Fire Magic
 + Level 3.3 Ice Magic
 + Level 3.3 Air Magic
 + Level 3.3 Earth Magic
 + Level 3.3 Poison Magic
 + Level 4.5 Invocations
 + Level 4.1 Evocations


You had 15 spell levels left.
You knew the following spells:

 Your Spells              Type           Power        Failure   Level  Hunger
a - Magic Dart            Conj           ####         1%          1    None
b - Blink                 Tloc           N/A          1%          2    None
c - Mephitic Cloud        Conj/Pois/Air  ####....     4%          3    None
d - Conjure Flame         Conj/Fire      ####....     4%          3    None


Dungeon Overview and Level Annotations

Branches:
Dungeon (8/15)             Temple (1/1) D:5
   Lair: D:8-11

Altars:
Ashenzari
Cheibriados
Dithmenos
Elyvilon
Fedhas
Gozag
Hepliaklqana
Kikubaaqudgha
Makhleb
Nemelex Xobeh
Okawaru
Qazlal
Ru
Sif Muna
Trog
Uskayaw
Vehumet
Wu Jian
Xom
Yredelemnul
Zin
The Shining One

Shops:
D:5 }

Annotations:
D:3 inc's ghost, amateur GnCj
D:7 Duvessa; Joseph
D:8 Ethylacetat's ghost, novice DsCK


Innate Abilities, Weirdness & Mutations

Your experience applies equally to all skills.
You have very sharp teeth.
Your uncanny sense of smell can sniff out nearby items.


Message History

Joseph unwields an uncursed quarterstaff.
Joseph wields an uncursed hunting sling.
Joseph shoots a sling bullet.
The sling bullet hits you.
Unknown command.
Joseph shoots a sling bullet.
The sling bullet hits you.
You see here a sling bullet.
Joseph shoots a sling bullet.
The sling bullet hits you!
You see here a sling bullet.
Joseph shoots a sling bullet.
The sling bullet hits you!
* * * LOW HITPOINT WARNING * * *
You see here a sling bullet.
Casting: Blink
Confirm with . or Enter, or press ? or * to list all spells.
Aiming: Mephitic Cloud
Press: ? - help, Shift-Dir - straight line, p - Joseph The ball explodes into a vile cloud!
The stinking cloud engulfs Joseph.
Joseph is lightly wounded.
Joseph is engulfed in noxious fumes.
Joseph shoots a sling bullet.
The sling bullet hits you!
You die...

.#...#.# .#...#.#
.#...#)##########
>........(...{@§#
.......#...))o#§##
....####(####.#§§# .####
#.# #.##(# .( . %.#
#.##(## .. a#
.?..####.##@.##########..
..
.......((................
##
#(...########..##.........
#....# ##.##.........
....@# #..#.........
##)#.......# #.........#
##........# #####†#+######


You could see Joseph.

Vanquished Creatures
  Prince Ribbit (D:5)
  2 ice beasts
  2 centaurs
  5 ogres
  2 bullfrogs
  2 scorpions (D:5)
  A wyvern skeleton (D:6)
  A howler monkey (D:4)
  A crimson imp (D:6)
  2 centaur zombies (D:8)
  2 jellies
  5 hounds
  3 orc priests
  A centaur skeleton (D:5)
  Jessica (D:2)
  Ijyb (D:4)
  3 iguanas
  4 orc wizards
  3 worker ants
  A killer bee zombie (D:5)
  A hound skeleton (D:5)
  2 howler monkey skeletons (D:5)
  6 adders
  6 gnolls
  2 oozes
  A worm (D:6)
  3 dart slugs
  3 leopard geckos
  18 orcs
  8 bats
  5 giant cockroaches
  13 hobgoblins
  4 jackals
  2 quokkas
  A ball python (D:2)
  7 frilled lizards
  12 goblins
  A jackal skeleton (D:5)
  11 kobolds
  A leopard gecko skeleton (D:6)
  7 rats
157 creatures vanquished.

Vanquished Creatures (others)
  An orc (D:6)
1 creature vanquished.

Grand Total: 158 creatures vanquished

Notes
Turn   | Place    | Note
-------+----------+-------------------------------------------
     0 | D:1      | inc the Gnoll Wizard began the quest for the Orb.
     0 | D:1      | Reached XP level 1. HP: 13/13 MP: 8/8
    96 | D:1      | Reached XP level 2. HP: 19/19 MP: 7/10
   528 | D:1      | Reached XP level 3. HP: 25/25 MP: 7/11
   890 | D:2      | Reached skill level 1 in Invocations
  1066 | D:2      | Reached skill level 1 in Fighting
  1066 | D:2      | Reached skill level 1 in Short Blades
  1066 | D:2      | Reached skill level 1 in Long Blades
  1066 | D:2      | Reached skill level 1 in Axes
  1066 | D:2      | Reached skill level 1 in Maces & Flails
  1066 | D:2      | Reached skill level 1 in Polearms
  1066 | D:2      | Reached skill level 1 in Staves
  1066 | D:2      | Reached skill level 1 in Slings
  1066 | D:2      | Reached skill level 1 in Bows
  1066 | D:2      | Reached skill level 1 in Crossbows
  1066 | D:2      | Reached skill level 1 in Throwing
  1066 | D:2      | Reached skill level 1 in Armour
  1066 | D:2      | Reached skill level 1 in Shields
  1066 | D:2      | Reached skill level 1 in Unarmed Combat
  1066 | D:2      | Reached skill level 1 in Evocations
  1071 | D:2      | Reached XP level 4. HP: 32/32 MP: 2/13
  1078 | D:2      | Learned a level 2 spell: Blink
  1082 | D:2      | Learned a level 3 spell: Mephitic Cloud
  1191 | D:2      | Found a glowing golden altar of the Shining One.
  1237 | D:2      | Noticed Jessica
  1243 | D:2      | Killed Jessica
  1473 | D:2      | Reached skill level 1 in Hexes
  1473 | D:2      | Reached skill level 1 in Charms
  1473 | D:2      | Reached skill level 1 in Necromancy
  1473 | D:2      | Reached skill level 1 in Transmutations
  1473 | D:2      | Reached skill level 1 in Fire Magic
  1473 | D:2      | Reached skill level 1 in Ice Magic
  1473 | D:2      | Reached skill level 1 in Air Magic
  1473 | D:2      | Reached skill level 1 in Earth Magic
  1473 | D:2      | Reached skill level 1 in Poison Magic
  1694 | D:3      | Reached XP level 5. HP: 37/37 MP: 11/14
  2488 | D:3      | Noticed inc's ghost (amateur GnCj)
  2604 | D:4      | Noticed an ogre
  2619 | D:4      | Noticed Ijyb
  2625 | D:4      | Killed an ogre
  2625 | D:4      | Reached XP level 6. HP: 27/44 MP: 0/16
  2632 | D:4      | Killed Ijyb
  2825 | D:4      | Reached skill level 5 in Dodging
  3048 | D:4      | Learned a level 3 spell: Conjure Flame
  3062 | D:4      | Reached XP level 7. HP: 48/50 MP: 5/18
  3690 | D:5      | Entered Level 5 of the Dungeon
  3826 | D:5      | Found Ycsyuh's Gadget Boutique.
  4179 | D:5      | Found a staircase to the Ecumenical Temple.
  4190 | Temple   | Entered the Ecumenical Temple
  4247 | Temple   | Became a worshipper of Ashenzari the Shackled
  4527 | D:5      | Noticed Prince Ribbit
  4557 | D:5      | Killed Prince Ribbit
  4557 | D:5      | Reached skill level 5 in Stealth
  4557 | D:5      | Reached XP level 8. HP: 17/57 MP: 7/19
  5379 | D:5      | Reached skill level 8 in Spellcasting
  6296 | D:6      | Reached XP level 9. HP: 43/65 MP: 16/21
  6992 | D:7      | Reached * piety under Ashenzari
  6992 | D:7      | Noticed Joseph
  7307 | D:8      | Noticed Ethylacetat's ghost (novice DsCK)
  7314 | D:7      | Noticed Duvessa
  7394 | D:7      | Shot with a sling bullet by Joseph

Skill      XL: |  1  2  3  4  5  6  7  8  9 |
---------------+----------------------------+-----
Conjurations   | 2 3 4 |  4.0
Summonings     | 2 3 4 |  4.0
Translocations | 2 3 4 |  4.0
Invocations    | 1 2 3 4 |  4.5
Fighting       | 1 2 3 4 |  4.1
Short Blades   | 1 2 3 4 |  4.1
Long Blades    | 1 2 3 4 |  4.1
Axes           | 1 2 3 4 |  4.1
Maces & Flails | 1 2 3 4 |  4.1
Polearms       | 1 2 3 4 |  4.1
Staves         | 1 2 3 4 |  4.1
Slings         | 1 2 3 4 |  4.1
Bows           | 1 2 3 4 |  4.1
Crossbows      | 1 2 3 4 |  4.1
Throwing       | 1 2 3 4 |  4.1
Armour         | 1 2 3 4 |  4.1
Shields        | 1 2 3 4 |  4.1
Unarmed Combat | 1 2 3 4 |  4.1
Evocations     | 1 2 3 4 |  4.1
Hexes          | 1 2 3 |  3.3
Charms         | 1 2 3 |  3.3
Necromancy     | 1 2 3 |  3.3
Transmutations | 1 2 3 |  3.3
Fire Magic     | 1 2 3 |  3.3
Ice Magic      | 1 2 3 |  3.3
Air Magic      | 1 2 3 |  3.3
Earth Magic    | 1 2 3 |  3.3
Poison Magic   | 1 2 3 |  3.3
Dodging        | 5 6 |  6.2
Stealth        | 5 |  5.9
Spellcasting   | 8 |  8.3

Action                   |  1- 3 |  4- 6 |  7- 9 || total
-------------------------+-------+-------+-------++-------
Melee: Unarmed           |     1 |       |       ||     1
       Short sword       |       |     7 |       ||     7
       Hand axe          |       |    40 |   231 ||   271
       Bite              |       |     2 |    18 ||    20
       Punch             |       |       |     1 ||     1
 Cast: Magic Dart        |    66 |   142 |   165 ||   373
       Blink             |       |     6 |    11 ||    17
       Mephitic Cloud    |       |     6 |    18 ||    24
Invok: Curse Item        |       |       |     4 ||     4
  Use: Scroll            |       |       |     9 ||     9
 Stab: Confused          |       |     2 |     1 ||     3
       Sleeping          |       |     1 |     2 ||     3
  Eat: Chunk             |       |     6 |    11 ||    17
       Ration            |       |       |     1 ||     1
Armor: Robe              |       |    20 |    72 ||    92
Dodge: Dodged            |     9 |    52 |   215 ||   276
